 Dungeon Crawl Stone Soup version 0.23.0-2-g0fe3ce5905 (webtiles) character file.

Game seed: 8597485225293794512

27 Kass the Grave Robber (level 3, -4/16 HPs)
             Began as a Vine Stalker Necromancer on Feb 20, 2019.
             Slain by a worm (9 damage)
             ... on level 2 of the Dungeon.
             The game lasted 00:03:33 (1016 turns).

Kass the Grave Robber (Vine Stalker Necromancer)    Turns: 1016, Time: 00:03:34

Health: -4/16      AC:  3    Str: 10    XL:     3   Next: 10%
Magic:  0/7        EV: 12    Int: 16    God:
Gold:   107        SH:  0    Dex: 14    Spells: 1/6 levels left

rFire    . . .     SeeInvis .   f - +1 dagger (holy)
rCold    . . .     Gourm    .   (no shield)
rNeg     . . .     Faith    .   a - +0 robe
rPois    .         Spirit   +   (no helmet)
rElec    .         Reflect  .   m - +0 cloak
rCorr    .         Harm     .   (no gloves)
MR       .....                  (no boots)
Stlth    ++........             (no amulet)
HPRegen  0.05/turn              (no ring)
MPRegen  0.10/turn              (no ring)

@: no status effects
A: fangs 2, magic shield, antimagic bite, no potion heal 3, rot immunity
a: no special abilities


You were on level 2 of the Dungeon.
You were hungry.

You visited 1 branch of the dungeon, and saw 2 of its levels.

You collected 107 gold pieces.

Inventory:

Hand Weapons
 f - a +1 dagger of holy wrath (weapon)
Armour
 a - a +0 robe (worn)
 m - a +0 cloak (worn)
Scrolls
 e - 2 scrolls of amnesia {unknown}
 g - a scroll of immolation {unknown}
 h - a scroll of teleportation {unknown}
 i - a scroll of identify {unknown}
 k - a scroll of enchant armour {unknown}
 l - 2 scrolls of fear {unknown}
Potions
 b - a potion of ambrosia {unknown}
 d - a potion of might {unknown}
Comestibles
 c - 4 rations


   Skills:
 - Level 1.5 Dodging
 - Level 2.4 Stealth
 - Level 2.1 Spellcasting
 + Level 5.0 Necromancy


You had one spell level left.
You knew the following spells:

 Your Spells              Type           Power        Failure   Level  Hunger
a - Pain                  Necr           ###.         2%          1    #......
b - Animate Skeleton      Necr           N/A          2%          1    #......
c - Vampiric Draining     Necr           ###.......   8%          3    ###....

Your spell library contained the following spells:

 Spells                   Type           Power        Failure   Level  Hunger
 Regeneration             Chrm/Necr      #.........   22%         3    ###....
 Animate Dead             Necr           N/A          26%         4    #####..


Dungeon Overview and Level Annotations

Branches:
Dungeon (2/15)

Altars:


Innate Abilities, Weirdness & Mutations

You have extremely sharp teeth.
When hurt, damage is shared between your health and your magic reserves.
Your bite disrupts and absorbs the magic of your enemies.
Potions cannot restore your health.
You are immune to rotting.


Message History

You hit the worm. You bite the worm, but do no damage.
The worm is heavily wounded.
You hit the worm.
The worm is heavily wounded.
The worm closely misses you.
You hit the worm.
The worm is severely wounded.
You hit the worm.
The worm is severely wounded.
The worm bites you.
You barely miss the worm.
The worm is severely wounded.
You hit the worm.
The worm is severely wounded.
The worm barely misses you.
You hit the worm.
The worm is almost dead.
The worm bites you!
Ouch! That really hurt!
You die...

#.# #.# ######## #)#
........ #.# ...####
#.# ...####### #.#
.........# #.#
.........##########.#
................@w..#
.........############
.........# .........#
#+#.<....# #......#
#......# #......#
#......#


You could see a worm.

Vanquished Creatures
  An ooze (D:1)
  A worm (D:2)
  A dart slug (D:1)
  2 goblins (D:1)
  3 hobgoblins
  5 bats (D:1)
  2 frilled lizards (D:1)
  A kobold (D:1)
  4 rats (D:1)
20 creatures vanquished.

Notes
Turn   | Place    | Note
-------+----------+-------------------------------------------
     0 | D:1      | Kass the Vine Stalker Necromancer began the quest for the
                  | Orb.
     0 | D:1      | Reached XP level 1. HP: 9/9 MP: 4/4
     2 | D:1      | Learned a level 1 spell: Animate Skeleton
   192 | D:1      | Reached XP level 2. HP: 8/13 MP: 0/6
   939 | D:2      | Reached XP level 3. HP: 16/16 MP: 5/7
   944 | D:2      | Learned a level 3 spell: Vampiric Draining
   975 | D:2      | Reached skill level 5 in Necromancy
  1016 | D:2      | Slain by a worm

Skill      XL: |  1  2  3 |
---------------+----------+-----
Necromancy     | 5 |  5.0
Dodging        | |  1.5
Stealth        | |  2.4
Spellcasting   | |  2.1

Action                   || total
-------------------------++-------
Melee: Unarmed           ||     5
       Bite              ||     9
       Dagger            ||    28
 Cast: Pain              ||    20
       Animate Skeleton  ||     7
 Stab: Distracted        ||     1
       Sleeping          ||     4
Armor: Robe              ||     4
Dodge: Dodged            ||    13
